 Dungeon Crawl Stone Soup version 0.20-a0-555-gf6ae02d (webtiles) character file.

8 M4edhros the Charlatan (level 2, -8/18 HPs)
             Began as an Octopode Artificer on Feb 4, 2017.
             Killed by divine providence
             ... invoked by an orc priest
              (10 damage)
             ... on level 4 of the Dungeon.
             The game lasted 00:01:08 (167 turns).

M4edhros the Charlatan (Octopode Artificer)          Turns: 167, Time: 00:01:09

Health: -8/18      AC:  1    Str: 11    XL:     2   Next: 8%
Magic:  4/4        EV: 13    Int: 13    God:
Gold:   19         SH:  0    Dex: 12    Spells: 1/1 levels left

rFire    . . .     SeeInvis .   a - +0 short sword
rCold    . . .     Gourm    .   (no shield)
rNeg     . . .     Faith    .   (helmet restricted)
rPois    .         Spirit   .   (no amulet)
rElec    .         Reflect  .   (no ring)
rCorr    .         Harm     .   (no ring)
MR       .....                  (no ring)
Stlth    +++.......             (no ring)
Regen    0.1/turn               (no ring)
                                (no ring)
                                (no ring)
                                (no ring)

@: no status effects
A: almost no armour, stealthy swim, amphibious, 8 rings, constrict 8, camouflage
1, gelatinous body 1
a: no special abilities


You were on level 4 of the Dungeon.
You were not hungry.

You visited 1 branch of the dungeon, and saw 4 of its levels.

You collected 19 gold pieces.

Inventory:

Hand Weapons
 a - a +0 short sword (weapon)
Wands
 b - a wand of flame (15/48)
 c - a wand of enslavement (11/24)
 d - a wand of random effects (14/48)
Scrolls
 e - 2 scrolls of teleportation {unknown}
 g - a scroll of amnesia {unknown}
 i - a scroll of enchant weapon {unknown}
Potions
 h - 2 potions of lignification {unknown}
Comestibles
 f - a bread ration


   Skills:
 - Level 1.0 Fighting
 - Level 1.0 Short Blades
 - Level 2.0 Dodging
 + Level 3.0 Stealth
 - Level 3.2 Evocations


You had one spell level left.
You didn't know any spells.

Dungeon Overview and Level Annotations

Branches:
Dungeon (4/15)
 Temple: D:4-7

Altars:


Innate Abilities, Weirdness & Mutations

You cannot wear most types of armour.
You are very stealthy in the water. (Stealth+)
You are amphibious.
You can wear up to eight rings at the same time.
You can use your tentacles to constrict eight enemies at once.
Your skin changes colour to match your surroundings (Stealth+).
Your rubbery body absorbs attacks. (AC +1, EV +1)


Message History

Ouch! That really hurt!
* * * LOW HITPOINT WARNING * * *
An orc comes into view. It is wielding a club.
Evoke which item? (* to show all) (? for menu, Esc to quit)
Aiming: Enslavement
Press: ? - help, Shift-Dir - straight line, f - orc priest
Aim: an orc priest, wielding a flail (chance to defeat MR: 55%)
The orc priest resists with significant effort.
The orc shouts! x3
This wand has 12 charges left.
The orc moves out of view.
Evoke which item? (* to show all) (? for menu, Esc to quit)
Aiming: Enslavement
Press: ? - help, Shift-Dir - straight line, f/p - orc priest
Aim: an orc priest, wielding a flail (chance to defeat MR: 55%)
The orc priest resists with significant effort.
This wand has 11 charges left.
The orc priest calls down the wrath of Beogh upon you.
Beogh smites you!
Ouch! That really hurt!
You die...

### #.....
#.#..# #######
#.#..# ...... #
#.#..#
####..####.#.
#.#..#
#............
#.#..#
#.##.#ooo.o..
#.#..###.##..#
...
#........##@## .
#..............#
#..............#
###########.####
#..| #####


You could see an orc priest and an orc.

Vanquished Creatures
  A worm (D:3)
  A ball python (D:1)
  A hobgoblin (D:2)
  3 goblins (D:1)
6 creatures vanquished.

Vanquished Creatures (others)
  A howler monkey (D:3)
1 creature vanquished.

Grand Total: 7 creatures vanquished

Notes
Turn   | Place    | Note
-------+----------+-------------------------------------------
     0 | D:1      | M4edhros the Octopode Artificer began the quest for the Orb.
     0 | D:1      | Reached XP level 1. HP: 13/13 MP: 3/3
   130 | D:3      | Noticed a howler monkey
   141 | D:3      | Reached XP level 2. HP: 13/18 MP: 4/4
   167 | D:4      | Killed from afar by an orc priest

Vault maps used:
D:1:      saegor_arrival_simple_a, minmay_rat_gold_closets
D:2:      st_stairs_14, item_on_display_a, uniq_crazy_yiuf_cottage
D:3:      minmay_checkerbox
D:4:      first_bread, minmay_misc_feat_secret_circle, minmay_misc_feat_alley,
          uniq_pikel, uniq_blork_the_orc, uniq_natasha

Skill      XL: |  1 |
---------------+----+-----
Stealth        | 3 |  3.0
Fighting       | |  1.0
Short Blades   | |  1.0
Dodging        | |  2.0
Evocations     | |  3.2

Action                   || total
-------------------------++-------
Melee: Short sword       ||     9
       Constrict         ||     3
       Tentacles         ||     1
Evoke: Wand              ||     5
 Stab: Sleeping          ||     1
Dodge: Dodged            ||     3
